[Event "Titled Tuesday Blitz January 31 Early 2023"]
[White "Mejia, Cherry Ann"]
[Black "Antonica, Dragos-Andrei"]
[WhiteFideId "5206880"]
[BlackFideId "1246372"]
[WhiteElo "1935"]
[BlackElo "2373"]
[Result "0-1"]
[Round "08"]
[TimeControl "180+2"]
[Date "2023.01.31"]
[WhiteClock "0:00:01"]
[BlackClock "0:00:23"]

1. e4 e6 2. d4 d5 3. e5 c5 4. c3 Nc6 5. g3 Qb6 6. Ne2 Nh6 7. Bh3 Nf5 8. Bxf5 exf5 9. O-O Be6 10. b3 h6 11. Be3 g5 12. f4 Be7 13. Qd2 g4 14. Rd1 c4 15. bxc4 Na5 16. c5 Qa6 17. Na3 h5 18. Rab1 h4 19. Nb5 Kd7 20. Rb4 hxg3 21. hxg3 Rh3 22. Kg2 Rah8 23. Bg1 Kc8 24. a4 Bd7 25. c4 Nxc4 26. Rxc4 dxc4 27. d5 Qh6 28. c6 Rh2+ 29. Kf1 Qh3+ 30. Ke1 Rxe2+ 31. Qxe2 Qxg3+ 32. Qf2 Qxf2+ 33. Kxf2 bxc6 34. dxc6 Bxc6 35. Nxa7+ Kb7 36. Nxc6 Kxc6 37. Kg2 Ra8 38. Ra1 Kd5 39. a5 c3 40. a6 Bc5 41. Bxc5 Kxc5 42. Ra3 Kb4 43. Ra1 c2 0-1


[Site "https://www.chess.com"]

[Event "Titled Tuesday Blitz January 31 Early 2023"]
[White "Yelisieiev, Yevhenii"]
[Black "Alahakoon, Isuru"]
[WhiteFideId "14139642"]
[BlackFideId "9900993"]
[WhiteElo "2418"]
[BlackElo "1819"]
[Result "1-0"]
[Round "08"]
[TimeControl "180+2"]
[Date "2023.01.31"]
[WhiteClock "0:00:16"]
[BlackClock "0:00:13"]

1. d4 d5 2. Nf3 Nf6 3. c4 e6 4. Nc3 c6 5. Bg5 Nbd7 6. e3 Qa5 7. Nd2 dxc4 8. Bxf6 Nxf6 9. Nxc4 Qc7 10. e4 Be7 11. Qc2 O-O 12. Be2 b6 13. O-O Bb7 14. e5 Nd5 15. Ne4 c5 16. Ncd6 f5 17. Nxb7 fxe4 18. Nd6 Bxd6 19. exd6 Qxd6 20. dxc5 Qe5 21. c6 Rac8 22. Rac1 Nf4 23. Ba6 Rc7 24. Rfe1 Qg5 25. g3 Nh3+ 26. Kh1 Rxf2 27. Qxe4 Qd2 28. Qxe6+ Rcf7 29. Qxh3 Qd5+ 30. Kg1 Qd4 31. Qc8+ Rf8 32. Qe6+ Kh8 33. Qe3 Qd5 34. Qxf2 1-0


[Site "https://www.chess.com"]

[Event "Titled Tuesday Blitz January 31 Early 2023"]
[White "Weetik, Vjacheslav"]
[Black "Lesbekova, Assel"]
[WhiteFideId "4153472"]
[BlackFideId "13713248"]
[WhiteElo "2423"]
[BlackElo "1772"]
[Result "1-0"]
[Round "08"]
[TimeControl "180+2"]
[Date "2023.01.31"]
[WhiteClock "0:00:08"]
[BlackClock "0:00:01"]

1. d4 f5 2. g3 d6 3. Bg2 Nf6 4. Nf3 g6 5. c3 Bg7 6. Qb3 e6 7. O-O Nc6 8. Nbd2 O-O 9. Re1 d5 10. c4 Ne4 11. e3 g5 12. cxd5 exd5 13. Ne5 Nxe5 14. dxe5 Bxe5 15. Nxe4 fxe4 16. Bxe4 c6 17. Bg2 Qf6 18. f4 Bc7 19. Bd2 Bb6 20. Kh1 Bf5 21. e4 Be6 22. exd5 Bxd5 23. Bxd5+ cxd5 24. Qxd5+ Qf7 25. Qxg5+ Qg7 26. Qd5+ Qf7 27. Qg5+ Qg7 28. Qxg7+ Kxg7 29. Re6 Rfe8 30. Rae1 Rxe6 31. Rxe6 Kf7 32. Re2 Rd8 33. Bc3 Rd7 34. Kg2 Rd8 35. Kf3 Rd1 36. Kg4 Bc5 37. h4 b5 38. a3 Bd6 39. Rd2 Rxd2 40. Bxd2 Kg6 41. h5+ Kf7 42. Kf5 a6 43. g4 h6 44. Bc3 Be7 45. g5 Bf8 46. g6+ Kg8 47. Ke6 1-0


[Site "https://www.chess.com"]

[Event "Titled Tuesday Blitz January 31 Early 2023"]
[White "Zhigalko, Sergei"]
[Black "Sharapov, Evgeny"]
[WhiteFideId "13502956"]
[BlackFideId "14103133"]
[WhiteElo "2572"]
[BlackElo "2375"]
[Result "1-0"]
[Round "08"]
[TimeControl "180+2"]
[Date "2023.01.31"]
[WhiteClock "0:00:05"]
[BlackClock "0:00:19"]

1. e4 c6 2. d4 d5 3. e5 c5 4. Nf3 cxd4 5. Qxd4 Nc6 6. Qf4 e6 7. Bd3 Nge7 8. O-O Ng6 9. Qg3 Be7 10. Re1 O-O 11. a3 b6 12. Nc3 a5 13. Nb5 Ba6 14. Bd2 Bxb5 15. Bxb5 Qc7 16. Bd3 Qd8 17. Rad1 Rc8 18. Ng5 Nd4 19. c3 Nb3 20. Be3 Nc5 21. Bc2 Qc7 22. h4 h6 23. Nxf7 Nxh4 24. Nxh6+ Kh8 25. Ng4 Ne4 26. Qh3 Kg8 27. f3 Nc5 28. Bf2 Nf5 29. Ne3 Qd7 30. Nxf5 exf5 31. e6 Qb5 32. Bxf5 Rxf5 33. Qxf5 Rf8 34. Qc2 Qc6 35. Re5 Nxe6 36. Rde1 Rf6 37. Qd2 Bc5 38. Qxd5 Qxd5 39. Rxd5 Bxf2+ 40. Kxf2 Nc5 41. Re2 Kf7 42. g4 Ne6 43. Rf5 Rxf5 44. gxf5 Nf4 45. Rd2 b5 46. Ke3 Nh5 47. Rd5 Ng3 48. Rxb5 Kf6 49. Rxa5 Nxf5+ 50. Rxf5+ Kxf5 51. a4 1-0


[Site "https://www.chess.com"]

[Event "Titled Tuesday Blitz January 31 Early 2023"]
[White "Gurevich, Dmitry"]
[Black "Ibarra Jerez, Jose Carlos"]
[WhiteFideId "2000407"]
[BlackFideId "2226332"]
[WhiteElo "2393"]
[BlackElo "2563"]
[Result "0-1"]
[Round "08"]
[TimeControl "180+2"]
[Date "2023.01.31"]
[WhiteClock "0:00:10"]
[BlackClock "0:00:32"]

1. d4 Nf6 2. c4 d6 3. Nc3 e5 4. dxe5 dxe5 5. Qxd8+ Kxd8 6. Nf3 Nfd7 7. g4 c6 8. g5 a5 9. h4 Na6 10. Be3 Bc5 11. Bxc5 Naxc5 12. O-O-O Ke7 13. h5 f6 14. h6 g6 15. gxf6+ Kxf6 16. Nd2 Ke7 17. Bh3 Nf6 18. Bxc8 Raxc8 19. Nf3 Ng4 20. Rdf1 Rcf8 21. Rh4 Rf4 22. Nxe5 Nxe5 23. Rxf4 Ned3+ 24. exd3 Nxd3+ 25. Kc2 Nxf4 26. Re1+ Kd7 27. Ne4 Ne6 28. Nf6+ Ke7 29. Nd5+ Kd6 30. Nf6 Rf8 31. Ne4+ Kd7 32. Kc3 Rf4 33. Re3 b6 34. a3 a4 35. f3 c5 36. Rd3+ Ke7 37. Nd6 Kd7 38. Nf7+ Kc7 39. Nd6 Nd4 40. Ne4 Nxf3 41. Nd6 Nd4 42. Ne4 Rxe4 0-1


[Site "https://www.chess.com"]

[Event "Titled Tuesday Blitz January 31 Early 2023"]
[White "Ristic, Nebojsa B"]
[Black "Maksimovic, Bojan"]
[WhiteFideId "935468"]
[BlackFideId "14408120"]
[WhiteElo "2236"]
[BlackElo "2486"]
[Result "1-0"]
[Round "08"]
[TimeControl "180+2"]
[Date "2023.01.31"]
[WhiteClock "0:00:04"]
[BlackClock "0:00:01"]

1. d4 Nf6 2. Bf4 d6 3. Nc3 Nbd7 4. Nf3 c6 5. e4 Qa5 6. Qd2 e5 7. Bg3 Be7 8. Bd3 O-O 9. O-O Qc7 10. a4 b6 11. Rad1 a6 12. Nh4 Re8 13. Nf5 Bf8 14. dxe5 Nxe5 15. Qg5 Kh8 16. f4 Nxd3 17. cxd3 h6 18. Nxh6 Nh7 19. Qh5 gxh6 20. e5 Qd7 21. Ne4 d5 22. Nf6 Nxf6 23. exf6 Qf5 24. Qxf7 Be6 25. Qc7 Rac8 26. Qxb6 Qxf6 27. f5 Bxf5 28. Bf2 Qg6 29. Bd4+ Kh7 30. Rf2 Bxd3 31. Qb7+ Kg8 32. Rf3 Be2 33. Rg3 Qxg3 34. hxg3 Bxd1 35. Qxa6 Bh5 36. Qd3 c5 37. Bc3 Re6 38. Bd2 Bg6 39. Qxd5 Re8 40. Bc3 Be4 41. Qc4 Kh7 42. Qxc5 Rg6 43. Qc4 1-0


[Site "https://www.chess.com"]

[Event "Titled Tuesday Blitz January 31 Early 2023"]
[White "Shipov, Sergei"]
[Black "Biastoch, Bennet"]
[WhiteFideId "4113624"]
[BlackFideId "12939889"]
[WhiteElo "2541"]
[BlackElo "2257"]
[Result "1-0"]
[Round "08"]
[TimeControl "180+2"]
[Date "2023.01.31"]
[WhiteClock "0:00:44"]
[BlackClock "0:00:06"]

1. d4 d5 2. c4 e6 3. Nc3 c6 4. e4 dxe4 5. Nxe4 Bb4+ 6. Bd2 Qxd4 7. Bxb4 Qxe4+ 8. Be2 Na6 9. Ba5 b6 10. Qd6 Bd7 11. Bc3 Nf6 12. Nf3 c5 13. Ne5 Rd8 14. Rd1 Nb8 15. f3 Qb7 16. O-O Nc6 17. Ng4 Nxg4 18. fxg4 f6 19. g5 Bc8 20. Qg3 Rxd1 21. Bh5+ g6 22. Bxd1 Nd4 23. gxf6 Kf7 24. h4 Rd8 25. Qf4 Nf5 26. h5 Qc6 27. Bf3 Qd6 28. Qg5 Bd7 29. Be4 Bc6 30. hxg6+ hxg6 31. Bxf5 exf5 32. Qh6 Rg8 33. Qh7+ Kf8 34. f7 1-0


[Site "https://www.chess.com"]

[Event "Titled Tuesday Blitz January 31 Early 2023"]
[White "Womacka, Mathias"]
[Black "Ashraf, Artin"]
[WhiteFideId "4611390"]
[BlackFideId "22514805"]
[WhiteElo "2396"]
[BlackElo "2314"]
[Result "1-0"]
[Round "08"]
[TimeControl "180+2"]
[Date "2023.01.31"]
[WhiteClock "0:00:53"]
[BlackClock "0:00:18"]

1. e4 c5 2. Nf3 d6 3. d4 cxd4 4. Nxd4 Nf6 5. Nc3 a6 6. Be2 e5 7. Nb3 Be7 8. O-O O-O 9. Kh1 Be6 10. f4 exf4 11. Bxf4 Nc6 12. Qe1 Ne8 13. Rd1 Bh4 14. Qd2 Bf6 15. Qe3 Be5 16. Bxe5 Nxe5 17. Nd4 Qe7 18. Nf5 Bxf5 19. Nd5 Qd8 20. exf5 Rc8 21. c3 Nf6 22. Bf3 Nc4 23. Qf2 Re8 24. Nxf6+ Qxf6 25. Bxb7 Rb8 26. Bxa6 Rxb2 27. Qg3 Ne5 28. a4 Rc8 29. Bxc8 1-0


[Site "https://www.chess.com"]

[Event "Titled Tuesday Blitz January 31 Early 2023"]
[White "Arabidze, Meri"]
[Black "Koepke, Christian"]
[WhiteFideId "13604040"]
[BlackFideId "4655737"]
[WhiteElo "2441"]
[BlackElo "2308"]
[Result "1-0"]
[Round "08"]
[TimeControl "180+2"]
[Date "2023.01.31"]
[WhiteClock "0:00:52"]
[BlackClock "0:00:21"]

1. Nf3 d5 2. c4 d4 3. g3 g6 4. Bg2 Bg7 5. O-O Nc6 6. d3 e6 7. Na3 Nge7 8. Nc2 a5 9. b3 O-O 10. Rb1 Nb4 11. Rb2 Nec6 12. a3 Nxc2 13. Qxc2 Rb8 14. b4 axb4 15. axb4 Qe7 16. Bd2 Bd7 17. b5 Ne5 18. Bb4 Nxf3+ 19. Bxf3 Qg5 20. Bxf8 Bxf8 21. Ra2 Bc5 22. Rfa1 h5 23. Ra8 Rxa8 24. Rxa8+ Kg7 25. Bxb7 h4 26. Bg2 e5 27. Ra1 h3 28. Bf3 Bg4 29. Bxg4 Qxg4 30. f3 Qe6 31. Ra6 Qf5 32. Rc6 Bb4 33. Qc1 g5 34. c5 f6 35. b6 cxb6 36. cxb6 g4 37. b7 gxf3 38. b8=Q fxe2 39. Rc7+ Kg6 40. Qg8+ Kh5 41. Rh7+ 1-0


[Site "https://www.chess.com"]

[Event "Titled Tuesday Blitz January 31 Early 2023"]
[White "Royal, Shreyas"]
[Black "Bilan, Danila"]
[WhiteFideId "448869"]
[BlackFideId "24161918"]
[WhiteElo "2438"]
[BlackElo "2303"]
[Result "1-0"]
[Round "08"]
[TimeControl "180+2"]
[Date "2023.01.31"]
[WhiteClock "0:01:39"]
[BlackClock "0:00:04"]

1. e4 c6 2. Nf3 d5 3. d3 Bg4 4. h3 Bxf3 5. Qxf3 e6 6. Nc3 Nd7 7. Bd2 g6 8. g3 Bg7 9. Bg2 Ngf6 10. O-O O-O 11. Rad1 Qc7 12. Rfe1 dxe4 13. dxe4 e5 14. Qe2 Nc5 15. f4 Nh5 16. Qf2 Ne6 17. f5 Nd4 18. g4 Nf6 19. g5 Nd7 20. f6 Bh8 21. Be3 Ne6 22. h4 Rad8 23. Rd2 b6 24. Red1 Ndc5 25. b4 Rxd2 26. Qxd2 Rd8 27. Qe1 Rxd1 28. Qxd1 Nd7 29. Bh3 Nxf6 30. gxf6 Bxf6 31. Bxe6 fxe6 32. Bg5 Qe7 33. Qg4 Bxg5 34. hxg5 Kf7 35. a3 Qd7 36. Qf3+ Kg8 37. Qd3 Qe7 38. Qd2 Kg7 39. Kg2 Qf7 40. Ne2 Qe7 41. Ng1 a5 42. Nf3 axb4 43. axb4 Qc7 44. Qc3 c5 45. bxc5 bxc5 46. Qxe5+ Qxe5 47. Nxe5 h6 48. gxh6+ Kxh6 49. Nd7 c4 50. c3 Kg5 51. Kf3 Kh4 52. Ne5 g5 53. Nxc4 Kh3 54. Ne3 Kh4 55. c4 1-0


[Site "https://www.chess.com"]

[Event "Titled Tuesday Blitz January 31 Early 2023"]
[White "Iljin, Timofey"]
[Black "Fiorito, Joaquin"]
[WhiteFideId "14110180"]
[BlackFideId "180173"]
[WhiteElo "2329"]
[BlackElo "2405"]
[Result "0-1"]
[Round "08"]
[TimeControl "180+2"]
[Date "2023.01.31"]
[WhiteClock "0:00:15"]
[BlackClock "0:01:05"]

1. e4 c6 2. d4 d5 3. e5 Bf5 4. h4 h5 5. Bg5 Qb6 6. Bd3 Qxd4 7. Nf3 Qg4 8. Bxf5 Qxf5 9. O-O f6 10. exf6 gxf6 11. Be3 e5 12. c4 Ne7 13. cxd5 cxd5 14. Nc3 Qd7 15. Bc5 Nbc6 16. Qb3 O-O-O 17. Nb5 b6 18. Nd6+ Kc7 19. Nf7 bxc5 20. Nxh8 Rb8 21. Qa4 e4 22. Nd2 Nf5 23. Ng6 Bd6 24. Rac1 Nfd4 25. Rfe1 Qg4 26. Nb3 Nxb3 27. axb3 Qxg6 28. Red1 Rg8 29. g3 Bxg3 30. Rxd5 Bf4+ 31. Kf1 Qg2+ 32. Ke2 Qf3+ 33. Kf1 Qh1+ 34. Ke2 Qxc1 35. Qxe4 Nd4+ 36. Kd3 Qc2# 0-1


[Site "https://www.chess.com"]

[Event "Titled Tuesday Blitz January 31 Early 2023"]
[White "Gheorghiu, Calin"]
[Black "Klose, Eli"]
[WhiteFideId "1200305"]
[BlackFideId "16242955"]
[WhiteElo "2313"]
[BlackElo "1519"]
[Result "0-1"]
[Round "08"]
[TimeControl "180+2"]
[Date "2023.01.31"]
[WhiteClock "0:01:53"]
[BlackClock "0:02:41"]

1. e4 e6 2. d4 d5 3. Nc3 Bb4 4. e5 Ne7 5. a3 Bxc3+ 6. bxc3 b6 7. h4 Ba6 8. h5 Bxf1 9. Kxf1 h6 10. a4 Nbc6 11. Ba3 Qd7 12. Qg4 Nf5 13. Ne2 O-O-O 14. Rh3 Na5 15. Bb4 Nc4 16. a5 Kb7 17. Ng3 Nfe3+ 18. fxe3 Nxe3+ 19. Ke2 Nxg4 20. Rhh1 f5 21. Rhb1 f4 22. Nf1 Qf7 23. Nd2 Qxh5 24. Nf3 Ne3 25. Kf2 Qg4 26. Rg1 Qg3+ 27. Ke2 Nxc2 28. Rab1 Nxb4 29. Rxb4 g5 0-1


[Site "https://www.chess.com"]

[Event "Titled Tuesday Blitz January 31 Early 2023"]
[White "Abdilkhair, Abilmansur"]
[Black "Sielecki, Christof"]
[WhiteFideId "13716417"]
[BlackFideId "4620437"]
[WhiteElo "2268"]
[BlackElo "2419"]
[Result "1-0"]
[Round "08"]
[TimeControl "180+2"]
[Date "2023.01.31"]
[WhiteClock "0:00:29"]
[BlackClock "0:00:07"]

1. d4 d5 2. c4 e6 3. Nf3 Nf6 4. g3 dxc4 5. Bg2 c5 6. O-O Nc6 7. Qa4 Bd7 8. Qxc4 b5 9. Qxb5 Nxd4 10. Qd3 Bb5 11. Qe3 Nd5 12. Qe4 f5 13. Qe5 Nxe2+ 14. Kh1 Qf6 15. Bg5 Qxe5 16. Nxe5 Bd6 17. Na3 Ba6 18. Nec4 Kd7 19. Rad1 Nd4 20. Be3 Rad8 21. Bxd4 cxd4 22. Rxd4 Bc5 23. Rd2 Ke7 24. Re1 Kf6 25. Rde2 Rhe8 26. Rc2 Bb4 27. Rec1 Nb6 28. b3 Nxc4 29. Nxc4 e5 30. Ne3 e4 31. Rc6+ Rd6 32. Rxd6+ Bxd6 33. Rc6 Rd8 34. Rxa6 Ke5 35. Nc4+ 1-0


[Site "https://www.chess.com"]

[Event "Titled Tuesday Blitz January 31 Early 2023"]
[White "Lewtak, Damian"]
[Black "Gureeva, Dina"]
[WhiteFideId "1141724"]
[BlackFideId "4170695"]
[WhiteElo "2381"]
[BlackElo "2178"]
[Result "1-0"]
[Round "08"]
[TimeControl "180+2"]
[Date "2023.01.31"]
[WhiteClock "0:00:05"]
[BlackClock "0:00:34"]

1. e4 d6 2. Nf3 Nf6 3. c3 Nxe4 4. Qa4+ Nc6 5. Qxe4 e5 6. g3 Be7 7. Qe2 h5 8. h4 Bg4 9. Bh3 f5 10. d3 O-O 11. Bxg4 hxg4 12. Ng5 Qd7 13. Na3 f4 14. Bd2 Bxg5 15. hxg5 Rae8 16. Qe4 Rf5 17. O-O-O d5 18. Qg2 Kf7 19. gxf4 exf4 20. Qxg4 Ne5 21. Qh5+ Ng6 22. Nc2 Qa4 23. Nd4 Rfe5 24. Nf3 Re2 25. Nh4 R2e6 26. Nxg6 Rxg6 27. Qf3 Qxa2 28. Qxf4+ Kg8 29. Rde1 Rf8 30. Qh4 Rb6 31. Qh7+ Kf7 32. Qh5+ Kg8 33. Kd1 Rxb2 34. Qh7+ Kf7 35. g6+ Kf6 36. Qh4+ Kxg6 37. Qh5+ Kf6 38. Bg5+ Kf5 39. Be7+ Kf4 40. Qg5+ 1-0


[Site "https://www.chess.com"]

[Event "Titled Tuesday Blitz January 31 Early 2023"]
[White "Manon-og, Ramon Jr."]
[Black "Elgersma, Onno"]
[WhiteFideId "5200776"]
[BlackFideId "1053531"]
[WhiteElo "1999"]
[BlackElo "2276"]
[Result "1-0"]
[Round "08"]
[TimeControl "180+2"]
[Date "2023.01.31"]
[WhiteClock "0:00:19"]
[BlackClock "0:00:01"]

1. e4 e6 2. d4 d5 3. Nd2 c5 4. Ngf3 cxd4 5. Nxd4 Nc6 6. Bb5 Bd7 7. Nxc6 bxc6 8. Bd3 Bd6 9. O-O Qc7 10. h3 e5 11. Qe2 Nf6 12. f4 O-O 13. fxe5 Bxe5 14. exd5 Rfe8 15. Qf3 cxd5 16. Nb3 a5 17. c3 a4 18. Nd4 a3 19. bxa3 Kh8 20. Bf5 Ne4 21. Bb2 Bh2+ 22. Kh1 Ng3+ 23. Kxh2 Nxf1+ 24. Kg1 Nd2 25. Qxd5 Bxf5 26. Nxf5 Qb6+ 27. Qd4 Qxd4+ 28. cxd4 Nc4 29. Bc3 Rxa3 30. Rc1 Rxa2 31. d5 f6 32. Bxf6 gxf6 33. Rxc4 h5 34. d6 Kh7 35. Rc7+ Kg6 36. Ne7+ Kg5 37. d7 Rd8 38. Nc6 Raa8 39. Nxd8 Rxd8 40. Kf2 Kf5 41. Kg3 Ke5 42. Kh4 Kf5 43. Ra7 Kg6 44. Kg3 Kf5 45. Kf3 Ke5 46. Ke3 f5 47. g3 1-0


[Site "https://www.chess.com"]

[Event "Titled Tuesday Blitz January 31 Early 2023"]
[White "Lauridsen, Jesper Morch"]
[Black "Toncheva, Nadya"]
[WhiteFideId "1401890"]
[BlackFideId "2924056"]
[WhiteElo "2309"]
[BlackElo "2295"]
[Result "0-1"]
[Round "08"]
[TimeControl "180+2"]
[Date "2023.01.31"]
[WhiteClock "0:00:50"]
[BlackClock "0:01:41"]

1. e4 c5 2. Nf3 Nc6 3. d4 cxd4 4. Nxd4 g6 5. c4 Bg7 6. Nc2 Nf6 7. Nc3 O-O 8. Be2 d6 9. O-O Be6 10. Be3 Rc8 11. Qd2 a6 12. Rad1 Ng4 13. Bxg4 Bxg4 14. f3 Be6 15. Nd5 Bxd5 16. exd5 Ne5 17. b3 b5 18. cxb5 axb5 19. Nd4 Qd7 20. Bh6 Qa7 21. Bxg7 Kxg7 22. Qe3 Qxa2 23. f4 Ng4 24. Qxe7 Rfe8 25. Qxd6 Ne3 26. f5 Qxg2# 0-1


[Site "https://www.chess.com"]

[Event "Titled Tuesday Blitz January 31 Early 2023"]
[White "Koellner, Ruben Gideon"]
[Black "Gottstein, Claudius-Thomas"]
[WhiteFideId "12993093"]
[BlackFideId "4653327"]
[WhiteElo "2426"]
[BlackElo "2113"]
[Result "1-0"]
[Round "08"]
[TimeControl "180+2"]
[Date "2023.01.31"]
[WhiteClock "0:01:58"]
[BlackClock "0:01:52"]

1. d4 d5 2. Nf3 Bf5 3. e3 e6 4. Ne5 Nd7 5. g4 Bg6 6. h4 Nxe5 7. dxe5 h5 8. g5 Ne7 9. Bd3 Bxd3 10. cxd3 g6 11. O-O Nf5 12. f4 Nxh4 13. e4 dxe4 14. dxe4 Qxd1 15. Rxd1 Rd8 16. Rxd8+ Kxd8 17. Kf2 Bc5+ 18. Kg3 Nf5+ 19. exf5 exf5 20. Nc3 c6 21. Bd2 Ke7 22. Rd1 Rd8 23. Bc1 Rxd1 24. Nxd1 Ke6 25. Be3 Kd5 26. Bxc5 Kxc5 27. Kf3 Kc4 28. Ne3+ Kd3 29. Ng2 c5 30. Nh4 c4 31. Nxg6 b5 32. Ne7 b4 33. Nd5 c3 34. bxc3 bxc3 35. Nxc3 Kxc3 36. e6 1-0


[Site "https://www.chess.com"]

[Event "Titled Tuesday Blitz January 31 Early 2023"]
[White "Ramirez Allo, Eduardo"]
[Black "Kosakowski, Jakub"]
[WhiteFideId "2224178"]
[BlackFideId "1185080"]
[WhiteElo "2274"]
[BlackElo "2485"]
[Result "0-1"]
[Round "08"]
[TimeControl "180+2"]
[Date "2023.01.31"]
[WhiteClock "0:00:15"]
[BlackClock "0:00:47"]

1. d4 Nf6 2. c4 g6 3. Nf3 Bg7 4. g3 O-O 5. Bg2 d6 6. O-O c5 7. Nc3 Nc6 8. d5 Na5 9. Nd2 e6 10. e4 Re8 11. Qc2 a6 12. a4 Rb8 13. b3 exd5 14. cxd5 b5 15. axb5 axb5 16. Bb2 Ng4 17. Ne2 Bxb2 18. Qxb2 Ne5 19. f4 Ng4 20. Qc3 b4 21. Qf3 f5 22. Rae1 Ba6 23. Bh3 h5 24. Ra1 fxe4 25. Nxe4 Bxe2 26. Qxe2 Nxb3 27. Bxg4 Nd4 28. Qd3 hxg4 29. Ng5 Qf6 30. Ra7 b3 31. Rf7 Qxf7 32. Nxf7 Kxf7 33. f5 Nf3+ 34. Kg2 b2 35. fxg6+ Kg7 36. h3 b1=Q 37. Rxb1 Rxb1 38. Qxb1 Re2+ 39. Kf1 Nd2+ 40. Kxe2 Nxb1 41. h4 Kxg6 42. Kd3 Na3 43. Kc3 Nb5+ 44. Kc4 Nc7 0-1


[Site "https://www.chess.com"]

[Event "Titled Tuesday Blitz January 31 Early 2023"]
[White "Souleidis, Georgios"]
[Black "Mohammed, Zozek Salah Mohammed"]
[WhiteFideId "4206827"]
[BlackFideId "4803361"]
[WhiteElo "2419"]
[BlackElo "2210"]
[Result "1-0"]
[Round "08"]
[TimeControl "180+2"]
[Date "2023.01.31"]
[WhiteClock "0:01:05"]
[BlackClock "0:00:59"]

1. e4 e6 2. d4 d5 3. exd5 exd5 4. Nf3 Nf6 5. Bd3 c5 6. O-O c4 7. Re1+ Be7 8. Bf1 O-O 9. b3 cxb3 10. axb3 Nc6 11. Ne5 Bf5 12. Nxc6 bxc6 13. Nc3 Ne4 14. Nxe4 Bxe4 15. Bd3 Bxd3 16. Qxd3 Bf6 17. Ba3 Re8 18. Bc5 a5 19. g3 Qd7 20. Kg2 h5 21. h4 Rxe1 22. Rxe1 a4 23. Ra1 Qg4 24. bxa4 Bxh4 25. a5 Bd8 26. a6 h4 27. a7 hxg3 28. fxg3 Bc7 29. Rh1 g6 30. Qf3 Qg5 31. Rf1 f5 32. Re1 Kf7 33. Qe3 Qxe3 34. Rxe3 Bd8 35. Rb3 1-0


[Site "https://www.chess.com"]

[Event "Titled Tuesday Blitz January 31 Early 2023"]
[White "Vetokhin, Ilia"]
[Black "Florescu, Codrut-Constantin"]
[WhiteFideId "24156078"]
[BlackFideId "1202200"]
[WhiteElo "2305"]
[BlackElo "2259"]
[Result "0-1"]
[Round "08"]
[TimeControl "180+2"]
[Date "2023.01.31"]
[WhiteClock "0:01:18"]
[BlackClock "0:00:13"]

1. b3 d5 2. Bb2 Bf5 3. Nf3 e6 4. g3 Nf6 5. Bg2 Be7 6. O-O O-O 7. d3 h6 8. c4 c5 9. e3 Nc6 10. Ne5 Nxe5 11. Bxe5 Qd7 12. Nc3 Ng4 13. Bf4 Bf6 14. Rc1 Bxc3 15. Rxc3 e5 16. e4 d4 17. Rc2 Be6 18. Bd2 b5 19. f4 exf4 20. gxf4 f5 21. e5 Rac8 22. h3 Ne3 23. Bxe3 dxe3 24. Qe2 Qd4 25. Rf3 bxc4 26. bxc4 Rb8 27. Qxe3 Rb1+ 28. Kh2 Rfb8 29. Qxd4 cxd4 30. Rf1 Rxf1 31. Bxf1 g5 32. c5 gxf4 33. Bg2 Kf7 34. c6 Ke7 35. c7 Rg8 36. Bb7 Bc8 37. Bd5 Re8 38. Rf2 Kd7 39. Rxf4 Rxe5 40. Rxd4 Kxc7 41. Kg3 Bd7 42. Bc4 Re3+ 43. Kh4 f4 44. Rxf4 Rxh3# 0-1


[Site "https://www.chess.com"]

[Event "Titled Tuesday Blitz January 31 Early 2023"]
[White "Erzhanov, Arman"]
[Black "Kononenko, Dmitry"]
[WhiteFideId "4138821"]
[BlackFideId "14113538"]
[WhiteElo "2228"]
[BlackElo "2256"]
[Result "0-1"]
[Round "08"]
[TimeControl "180+2"]
[Date "2023.01.31"]
[WhiteClock "0:00:42"]
[BlackClock "0:01:19"]

1. e4 d5 2. exd5 Qxd5 3. Nf3 Nf6 4. d4 Bg4 5. Be2 Nc6 6. c4 Qd7 7. d5 Bxf3 8. Bxf3 Ne5 9. Be2 e6 10. dxe6 Qxe6 11. O-O Bd6 12. Nc3 O-O-O 13. Qa4 Kb8 14. Be3 a6 15. h3 h5 16. Rfd1 Neg4 17. hxg4 hxg4 18. g3 Bxg3 19. Rxd8+ Rxd8 20. Nd5 Bd6 21. Nxf6 Qxf6 22. c5 Be5 23. Qxg4 Rh8 24. Rd1 Bh2+ 25. Kg2 Be5 26. Qg5 Qe6 27. Rd8+ Rxd8 28. Qxd8+ Ka7 29. c6+ b6 30. Qc8 Qxc8 0-1


[Site "https://www.chess.com"]

[Event "Titled Tuesday Blitz January 31 Early 2023"]
[White "Donskov, Anatoly"]
[Black "Kopczynski, Michal"]
[WhiteFideId "24143413"]
[BlackFideId "1124200"]
[WhiteElo "2279"]
[BlackElo "2225"]
[Result "0-1"]
[Round "08"]
[TimeControl "180+2"]
[Date "2023.01.31"]
[WhiteClock "0:00:04"]
[BlackClock "0:00:08"]

1. e4 c5 2. Nf3 d6 3. d4 cxd4 4. Nxd4 Nf6 5. Nc3 g6 6. Be3 Bg7 7. f3 O-O 8. Qd2 Nc6 9. Bc4 Bd7 10. O-O-O Rc8 11. Bb3 Nxd4 12. Bxd4 b5 13. Nd5 Nxd5 14. Bxg7 Kxg7 15. Bxd5 a5 16. h4 e6 17. h5 g5 18. h6+ Kg8 19. Qd4 f6 20. f4 exd5 21. fxg5 Qc7 22. Qxd5+ Kh8 23. Rd2 Bc6 24. Qd4 Qe7 25. Rf1 Qxe4 26. Qxd6 Qe5 27. Rxf6 Qxd6 28. Rdxd6 Rxf6 29. Rxf6 Be4 30. c3 Bxg2 31. g6 hxg6 32. Rxg6 Bd5 33. Rg5 Bc4 34. b3 Be2 35. Kd2 Re8 36. c4 bxc4 37. bxc4 Bxc4 38. Rxa5 Kh7 39. Kc3 Be6 40. Ra6 Kxh6 41. a4 Kg5 42. Kb4 Rb8+ 43. Kc5 Kf5 44. Rc6 Ra8 45. Kb4 Bd7 46. Rc5+ Ke6 47. a5 Rb8+ 48. Kc3 Kd6 49. Rg5 Bb5 50. Rg6+ Kc5 51. Rg5+ Kc6 52. Rg6+ Kc7 53. Rg7+ Kd6 54. Rg6+ Kd5 55. Rg5+ Ke4 56. Rg4+ Kf5 57. Rg7 Bc6 58. Rc7 Bd5 59. Kd4 Ke6 60. a6 Kd6 61. Rg7 Rb4+ 62. Kc3 Ra4 63. a7 Kc5 64. Rc7+ Bc6 65. Rg7 Ra3+ 66. Kb2 Rf3 67. Rc7 Rf2+ 68. Kc3 Rf3+ 69. Kb2 Rf8 70. Rg7 Kb6 71. Kc3 Bb7 72. Kd4 Kxa7 73. Kc5 Rc8+ 74. Kd4 Kb6 75. Rg6+ Bc6 76. Ke3 Re8+ 77. Kd4 Re4+ 78. Kd3 Rh4 79. Kc3 Kc5 80. Rg5+ Bd5 81. Rg7 Rh3+ 82. Kd2 Kd4 83. Ra7 Rh2+ 84. Ke1 Bc4 85. Rd7+ Ke3 86. Re7+ Kd3 87. Rd7+ Kc3 88. Rc7 Rg2 89. Rc8 Kd4 90. Rd8+ Ke3 91. Re8+ Kd3 92. Rd8+ Kc3 93. Rc8 Kd4 94. Rd8+ Bd5 95. Kd1 Kc4 96. Ke1 Ra2 97. Rc8+ Kd4 98. Rd8 Ke4 99. Re8+ Kd3 100. Rd8 Kc4 101. Rc8+ Kd4 102. Rd8 Rh2 103. Rc8 Be4 104. Rd8+ Ke3 105. Rf8 Re2+ 106. Kf1 Rh2 107. Ke1 Re2+ 108. Kf1 Ra2 109. Kg1 Ra1+ 110. Kh2 Rh1+ 111. Kg3 Rg1+ 112. Kh2 Rg2+ 113. Kh3 Rg7 114. Kh4 Bf3 115. Ra8 Kf4 116. Ra5 Rh7+ 117. Rh5 Rxh5# 0-1


[Site "https://www.chess.com"]

[Event "Titled Tuesday Blitz January 31 Early 2023"]
[White "Reprintsev, Alexander"]
[Black "Turzo, Attila"]
[WhiteFideId "14100541"]
[BlackFideId "704954"]
[WhiteElo "2253"]
[BlackElo "2279"]
[Result "0-1"]
[Round "08"]
[TimeControl "180+2"]
[Date "2023.01.31"]
[WhiteClock "0:00:15"]
[BlackClock "0:00:31"]

1. e4 c5 2. b3 Nc6 3. Bb2 e5 4. f4 exf4 5. Qf3 Qh4+ 6. g3 fxg3 7. hxg3 Qe7 8. Bc4 Nf6 9. Bxf6 Qxf6 10. Qxf6 gxf6 11. Nc3 Bd6 12. Nge2 Be5 13. O-O-O d6 14. Rdf1 Be6 15. Nf4 Bxc3 16. dxc3 Ke7 17. Bd5 Rab8 18. Nh5 Rbg8 19. c4 Rg6 20. Rf3 Ne5 21. Rc3 Bxd5 22. cxd5 Rg4 23. Re3 Rhg8 24. Rf1 Nd7 25. Rf5 R8g5 26. Ref3 Rxf5 27. exf5 Rg5 28. Nf4 Rxf5 29. c4 Rg5 30. Re3+ Ne5 31. Kd2 Kf8 32. Ke2 Ng6 33. Nh3 Re5 34. Kf3 Rxe3+ 35. Kxe3 f5 36. Ng5 Kg7 37. Nf3 Kf6 38. a3 h5 39. b4 b6 40. b5 Ne5 41. Nd2 Kg5 42. a4 Kg4 43. Kf2 f4 44. gxf4 Kxf4 0-1


[Site "https://www.chess.com"]